 Dungeon Crawl Stone Soup version 0.17.1-2-g5865329 (webtiles) character file.

179 Miyamura the Conjurer (level 5, -3/30 HPs)
             Began as a Tengu Conjurer on Feb 14, 2016.
             Was an Initiate of Ashenzari.
             Slain by a river rat (10 damage)
             ... on level 3 of the Dungeon.
             The game lasted 00:11:34 (3100 turns).

Miyamura the Conjurer (Tengu Conjurer)              Turns: 3100, Time: 00:11:35

Health: -3/30      AC:  2    Str:  9    XL:     5   Next: 59%
Magic:  3/10       EV: 13    Int: 16    God:    Ashenzari [......]
Gold:   134        SH:  0    Dex: 14    Spells: 2 memorised, 6 levels left

rFire  . . .     SeeInvis .     e - +1 dagger
rCold  . . .     Clarity  .     a - +0 robe
rNeg   + . .     SustAt   .     (no shield)
rPois  .         Gourm    .     (helmet restricted)
rElec  .         Spirit   .     (no cloak)
rCorr  .         Warding  .     (no gloves)
rMut   .         Stasis   .     (boots unavailable)
MR     .....                    (no amulet)
Stlth  +.........               i - ring of wizardry
                                h - ring of positive energy

@: not resistant to hostile enchantments, very unstealthy
A: beak, talons 3, able to fly 1
a: Fly, Renounce Religion


You were on level 3 of the Dungeon.
You worshipped Ashenzari.
Ashenzari was noncommittal.
You were not hungry.

You visited 1 branch of the dungeon, and saw 3 of its levels.

You collected 134 gold pieces.

Inventory:

Hand Weapons
 e - a +1 dagger (weapon)
Armour
 a - a +0 robe (worn)
 j - a +1 shield of reflection
Jewellery
 f - an uncursed ring of poison resistance
 h - a ring of positive energy (left hand)
 i - a ring of wizardry (right hand)
 n - an uncursed ring of positive energy
 q - an uncursed amulet of resist corrosion
Wands
 m - a wand of confusion (42)
Scrolls
 l - a scroll of recharging
 o - 3 scrolls of identify {unknown}
 p - a scroll of teleportation
 r - a scroll of magic mapping {unknown}
Potions
 d - 3 potions of resistance {unknown}
 k - a potion of degeneration {unknown}
Books
 b - a book of Conjurations

   Spells                             Type                      Level
   a - Magic Dart                     Conjuration                  1
   b - Searing Ray                    Conjuration                  2
   c - Dazzling Spray                 Conjuration/Hexes            3
   d - Fulminant Prism                Conjuration/Hexes            4
   e - Iskenderun's Mystic Blast      Conjuration                  4
   f - Iskenderun's Battlesphere      Conjuration/Charms           5
Comestibles
 c - 4 bread rations
 g - 3 fruits
 s - 4 chunks of flesh
 t - a meat ration


   Skills:
 + Level 2.2 Fighting
 + Level 3.2 Dodging
 + Level 3.2 Stealth
 + Level 2.8 Spellcasting
 + Level 6.1 Conjurations


You had 6 spell levels left.
You knew the following spells:

 Your Spells              Type           Power        Failure   Level  Hunger
d - Magic Dart            Conj           ###.         1%          1    #......
r - Searing Ray           Conj           ###...       1%          2    ##.....


Dungeon Overview and Level Annotations

Branches:
Dungeon (3/15)

Altars:
Ashenzari
The Shining One

Portals:
Sewer: D:3

Annotations:
D:3 Yermak's ghost, weakling SpBe


Innate Abilities, Weirdness & Mutations

You have a beak for a mouth.
You have claws for feet.
You can fly.


Message History

Confirm with . or Enter, or press ? or * to list all spells.
Aiming: Magic Dart
Press: ? - help, Shift-Dir - straight line, f/p - river rat
Aim: a river rat (heavily wounded)
The magic dart hits the river rat.
The river rat is heavily wounded.
The river rat bites you!
* * * LOW HITPOINT WARNING * * *
Casting: Magic Dart
Confirm with . or Enter, or press ? or * to list all spells.
You don't know that spell.
Casting: Magic Dart
Confirm with . or Enter, or press ? or * to list all spells.
Aiming: Searing Ray
Press: ? - help, Shift-Dir - straight line, f/p - river rat
Aim: a river rat (heavily wounded)
The searing ray hits the river rat.
The river rat is severely wounded.
The river rat bites you!
You die...

. #### ... #..# ....
####..# .....#.....###
.............####
.....##........"#
......K.(#.#....###
#.##...(##≈######≈#####
........(#≈)≈#≈≈@≈≈≈#..##
...#####.#≈≈≈#≈r#≈≈≈#...##
...#####)##†##s≈##≈##....#
#.........#≈#≈≈≈ #≈#.....#
#....W....#≈#≈≈∩ #≈#.....#
#........##≈##≈≈##≈##....#
#........#≈≈≈####≈≈≈#....#
.........#≈≈≈≈≈≈≈≈≈≈#...##
..#......##≈######≈##....#


You could see a river rat and a giant cockroach.

Vanquished Creatures
  Ijyb (D:2)
  An orc wizard (D:3)
  5 adders
  An ooze (D:1)
  5 giant geckos
  10 orcs
  3 bats
  3 goblins
  8 hobgoblins
  8 jackals
  6 kobolds
  3 giant cockroaches
  A giant newt (D:1)
  8 rats
63 creatures vanquished.

Notes
Turn   | Place    | Note
--------------------------------------------------------------
     0 | D:1      | Miyamura the Tengu Conjurer began the quest for the Orb.
     0 | D:1      | Reached XP level 1. HP: 10/10 MP: 4/4
   265 | D:1      | Reached XP level 2. HP: 15/15 MP: 1/6
   776 | D:1      | Learned a level 2 spell: Searing Ray
   784 | D:1      | Found a shattered altar of Ashenzari.
   796 | D:1      | Became a worshipper of Ashenzari the Shackled
   824 | D:1      | Reached XP level 3. HP: 5/19 MP: 0/7
  1644 | D:2      | Reached skill level 1 in Fighting
  1822 | D:2      | Reached XP level 4. HP: 25/25 MP: 4/8
  1882 | D:2      | Noticed Ijyb
  1890 | D:2      | Killed Ijyb
  2295 | D:2      | Reached skill level 6 in Conjurations
  2351 | D:2      | Found a glowing golden altar of the Shining One.
  2602 | D:3      | Noticed Yermak's ghost (weakling SpBe)
  2622 | D:3      | Gained mutation: You can fly. [Tengu growth]
  2622 | D:3      | Reached XP level 5. HP: 30/30 MP: 4/9
  3096 | D:3      | Found a glowing drain.
  3100 | D:3      | Slain by a river rat

Action                   |  1- 3 |  4- 6 || total
-------------------------+-------+-------++-------
Melee: Dagger            |    14 |    12 ||    26
 Cast: Magic Dart        |    66 |    45 ||   111
       Searing Ray       |     1 |     7 ||     8
Evoke: Wand              |       |     2 ||     2
  Use: Potion            |     2 |       ||     2
       Scroll            |     5 |     1 ||     6
 Stab: Sleeping          |     2 |     2 ||     4
  Eat: Chunk             |     3 |     5 ||     8
